AoeStats
← LeDerp

MegaRandom

505990847Analyzed
1v1 RM · 21d ago on Sep 11, 2026· 14m 40s· 2 players
Game mode
Random Map
Map size
Tiny (2 player)
Population
200
Speed
Normal
Resources
Standard
Victory
Conquest
Starting age
Dark Age
Ending age
Imperial Age
RankedLock teamsTeams togetherTeam positionsShared explorationLock speedFull tech treeHidden civsTurbo modeCheats
Victory
Defeat
🇦🇷 Portuguese · Argentina
1113
+15
🇨🇳 Poles · China
1085
-15
LeDerp
6:48 Loom
8:59 Loom
11:28 Feudal Age
11:57 Double-Bit Axe
13:22 Horse Collar
nicolas1177
6:26 Loom
11:26 Feudal Age
12:13 Double-Bit Axe
12:10 Horse Collar
13:05 Town Watch
13:57 Wheelbarrow
13:26 Fishing Lines
Connection lost

Rejoining the realm…

Still unreachable

The connection could not be restored.

Session expired

The server has moved on; the page needs a fresh start.